 Dungeon Crawl Stone Soup version 0.30-a0-218-gedb9141078 (webtiles) character file.

Game seed: 17165540959444120554

83 LnG the Caller (level 4, -4/24 HPs)
             Began as a Kobold Summoner on Oct 5, 2022.
             Slain by a gnoll
             ... wielding a +0 flail
              (7 damage)
             ... on level 2 of the Dungeon.
             The game lasted 00:08:44 (2411 turns).

LnG the Caller (Kobold Summoner)                    Turns: 2411, Time: 00:08:45

Health: -4/24      AC:  5    Str:  4    XL:     4   Next: 71%
Magic:  5/8        EV: 15    Int: 22    God:
Gold:   989        SH:  0    Dex: 14    Spells: 2/8 levels left

rFire   + . .      SeeInvis .    r - +0 dagger (freeze)
rCold   . . .      Faith    .    (no shield)
rNeg    . . .      Spirit   .    a - +0 robe
rPois   .          Reflect  .    (no helmet)
rElec   .          Harm     .    k - +0 cloak
rCorr   .          Rampage  .    n - +1 pair of gloves
Will    .....                    (no boots)
Stlth   +++.......               (no amulet)
HPRegen 0.24/turn                o - ring of protection from fire
MPRegen 0.11/turn                (no ring)

@: no status effects
A: small, no large weapons, nightstalker 3, clever 1
a: no special abilities


You were on level 2 of the Dungeon.
You visited 1 branch of the dungeon, and saw 3 of its levels.

You collected 989 gold pieces.

Inventory:

Hand Weapons
 r - a +0 dagger of freezing (weapon)
Armour
 a - a +0 robe (worn)
 k - a +0 cloak (worn)
 n - a +1 pair of gloves (worn)
Jewellery
 o - a ring of protection from fire (left hand)
Scrolls
 d - a scroll of teleportation
 g - a scroll of amnesia
 i - 2 scrolls of butterflies
Potions
 b - a potion of magic
 c - a potion of heal wounds
 h - 2 potions of flight {unknown}
 l - a potion of curing {unknown}
 q - a potion of attraction {unknown}


   Skills:
 + Level 0.3 Fighting
 + Level 0.8 Short Blades
 + Level 2.6 Dodging
 * Level 3.8 Stealth
 + Level 2.6 Spellcasting
 + Level 4.9 Summonings


You had 2 spell levels left.
You knew the following spells:

 Your Spells              Type           Power      Damage    Failure   Level
a - Summon Small Mammal   Summ           96%        N/A       1%          1
b - Call Imp              Summ           24%        N/A       2%          2
c - Call Canine Familiar  Summ           24%        N/A       4%          3

Your spell library contained the following spells:

 Spells                   Type           Power      Damage    Failure   Level
 Blink                    Tloc           4%         N/A       19%         2
 Momentum Strike          Conj/Tloc      4%         3d8       19%         2
 Summon Guardian Golem    Hex/Summ       13%        N/A       14%         3
 Gell's Gravitas          Tloc           2%         N/A       36%         3
 Lesser Beckoning         Tloc           4%         N/A       36%         3
 Teleport Other           Tloc           2%         N/A       36%         3
 Summon Lightning Spire   Summ/Air       13%        N/A       43%         4
 Dispersal                Tloc           1%         N/A       100%        6


Dungeon Overview and Level Annotations

Branches:
Dungeon (3/15)

Altars:

Annotations:
D:3 Sigmund


Innate Abilities, Weirdness & Mutations

You are small and have problems with some larger weapons.
You are completely attuned to the shadows.
Your mind is acute. (Int +4, Str/Dex -1)


Message History

You hit the gnoll. You freeze the gnoll.
You kill the gnoll!
No target in view!
No target in view!
You climb downwards.
Level annotation: Sigmund The gnoll hits you with a +0 flail.
The gnoll barely misses you.
There is a stone staircase leading up, spattered with blood here.
The gnoll hits you from afar with a +0 spear.
The gnoll misses you.
You climb upwards.
There is a stone staircase leading down, spattered with blood here.
You hit the gnoll but do no damage. The gnoll hits you with a +0 flail!
You barely miss the gnoll. The gnoll barely misses you.
You closely miss the gnoll. The gnoll misses you.
You closely miss the gnoll. The gnoll barely misses you.
You hit the gnoll but do no damage. The gnoll hits you with a +0 flail.
You are too injured to fight recklessly!
You are too injured to fight recklessly!
You are too injured to fight recklessly!
You are too injured to fight recklessly!
Casting: Call Canine Familiar (quite dangerous; 4% risk of failure)
Confirm with . or Enter, or press ? or * to list all spells.
The spell is quite dangerous to miscast (4% risk of failure)!
Continue anyway?
The gnoll closely misses you.
You are too injured to fight recklessly!
Unknown command.
You hit the gnoll. You freeze the gnoll.
The gnoll is moderately wounded.
The gnoll hits you with a +0 flail!
* * * LOW HITPOINT WARNING * * *
You hit the gnoll. You freeze the gnoll.
The gnoll is heavily wounded.
Your hound closely misses the gnoll.
The gnoll hits you with a +0 flail.
* * * LOW HITPOINT WARNING * * *
Your hound barely misses the gnoll.
You hit the gnoll but do no damage.
The gnoll is heavily wounded.
Your hound closely misses the gnoll.
The gnoll hits you with a +0 flail!
You die...

#...#.#.#
#.#...#....###.##.###.#
....#.#.# #.....#........##.#
#.# ....#...#
#....##...)######.# #.#
#.#.###.###....##.....# #.#
#.# #........##...>##.....#
#.# #.#
#.....#..##....###....# #.#
#.. #.#.#.#..##...........#
#.# ###
#.#.#.#......#.###..#.#####.#
#...#.##.##.##.)@(..#.......#
#...#.#.........gh..#########
#.#.#.####.....###..#
#.#.................#
#.....########.....## #.###.#
#.###.# ### ### ### ###


You could see a gnoll (ally target) and a friendly hound (summoned).

Vanquished Creatures
  2 gnolls (D:2)
  2 orcs
  A ball python (D:2)
  2 endoplasms
  2 giant cockroaches (D:3)
  2 goblins
  A hobgoblin (D:2)
  3 kobolds (D:2)
  A quokka (D:2)
  2 bats (D:2)
  2 frilled lizards (D:2)
  2 rats
22 creatures vanquished.

Vanquished Creatures (collateral kills)
  2 adders
  A worm (D:2)
  3 orcs
  3 endoplasms
  2 goblins (D:1)
  A quokka (D:1)
  A frilled lizard (D:1)
  A rat (D:1)
14 creatures vanquished.

Grand Total: 36 creatures vanquished

Notes
Turn   | Place    | Note
-------+----------+-------------------------------------------
     0 | D:1      | LnG the Kobold Summoner began the quest for the Orb.
     0 | D:1      | Reached XP level 1. HP: 10/10 MP: 3/3
   359 | D:1      | Found a faded altar of an unknown god.
   394 | D:1      | Reached XP level 2. HP: 15/15 MP: 0/5
   559 | D:1      | You fall into a shaft and drop 1 floor!
   572 | D:2      | Learned a level 2 spell: Call Imp
  1295 | D:2      | Reached XP level 3. HP: 16/19 MP: 4/6
  1299 | D:2      | Learned a level 3 spell: Call Canine Familiar
  1508 | D:2      | Identified a scroll of acquirement
  1508 | D:2      | Acquired 895 gold pieces
  2057 | D:3      | Reached XP level 4. HP: 12/24 MP: 4/7
  2058 | D:3      | Gained mutation: Armour fits poorly on your strangely
                  | shaped body. [potion of mutation]
  2058 | D:3      | Gained mutation: Your muscles are strong. (Str +4, Int/Dex
                  | -1) [potion of mutation]
  2151 | D:2      | Lost mutation: Your muscles are strong. (Str +4, Int/Dex
                  | -1) [potion of mutation]
  2151 | D:2      | Lost mutation: Armour fits poorly on your strangely shaped
                  | body. [potion of mutation]
  2151 | D:2      | Gained mutation: You expend magic power (3 MP) to
                  | strengthen your wands. [potion of mutation]
  2153 | D:2      | Lost mutation: You expend magic power (3 MP) to strengthen
                  | your wands. [potion of mutation]
  2153 | D:2      | Gained mutation: Your mind is acute. (Int +4, Str/Dex -1)
                  | [potion of mutation]
  2252 | D:3      | Noticed Sigmund
  2411 | D:2      | Slain by a gnoll

Illustrated notes

Levels and vault maps discovered:
D:1:      dpeg_arrival_rhombi, layout_loops_ring,
          chequers_ecumenical_altar_simple
D:2:      layout_basic
D:3:      layout_basic, mainiacjoe_overflow_surrounded_room, uniq_sigmund

Skill      XL: |  1  2  3 |
---------------+----------+-----
Stealth        | 3 |  3.8
Fighting       | |  0.3
Short Blades   | |  0.8
Dodging        | |  2.6
Spellcasting   | |  2.6
Summonings     | |  4.9

Action                   |  1- 3 |  4- 6 || total
-------------------------+-------+-------++-------
Melee: Unarmed           |     5 |       ||     5
       Dagger            |    55 |    46 ||   101
 Cast: Summon Small Mamm |    12 |       ||    12
       Call Imp          |     5 |     2 ||     7
       Call Canine Famil |     1 |     2 ||     3
  Use: Scroll            |     7 |     1 ||     8
       Potion            |       |     3 ||     3
 Stab: Sleeping          |     6 |     1 ||     7
       Distracted        |       |     1 ||     1
Armor: Robe              |    12 |    11 ||    23
Dodge: Dodged            |    40 |    46 ||    86

Table legend: (Time is in decaauts)
 A = Elapsed time spent in this place.
 B = Non-inter-level travel time spent in this place.
 C = Inter-level travel time spent in this place.
 D = Time resting spent in this place.
 E = Time spent auto-exploring this place.
 F = Levels seen in this place.
 G = Mean time per level.
                   A        B        C        D        E       F      G
               +--------+--------+--------+--------+--------+-----+--------+
         Total |   2413 |   2320 |     93 |    237 |   1484 |   3 |  804.3 |
       Dungeon |   2413 |   2320 |     93 |    237 |   1484 |   3 |  804.3 |
               +--------+--------+--------+--------+--------+-----+--------+

Top non-repeatable levels by time:
     D:2: 1386 daAuts
     D:1: 754 daAuts
     D:3: 273 daAuts
